 Dungeon Crawl Stone Soup version 0.29-a0-998-g1987434951 (webtiles) character file.

Game seed: 12808071488220463832

67 quixfox the Digger (level 4, -2/26 HPs)
             Began as a Gargoyle Earth Elementalist on Aug 6, 2022.
             Slain by a gnoll
             ... wielding a +1 halberd of protection
              (5 damage)
             ... on level 2 of the Dungeon.
             The game lasted 00:03:34 (1736 turns).

quixfox the Digger (Gargoyle Earth Elementalist)    Turns: 1736, Time: 00:03:34

Health: -2/26      AC:  5    Str: 12    XL:     4   Next: 16%
Magic:  5/8        EV: 11    Int: 17    God:
Gold:   41         SH:  0    Dex: 10    Spells: 2/8 levels left

rFire   . . .      SeeInvis .   m - +1 whip (drain)
rCold   . . .      Faith    .   (no shield)
rNeg    + + .      Spirit   .   a - +0 robe
rPois   ∞          Reflect  .   (no helmet)
rElec   +          Harm     .   (no cloak)
rCorr   .          Rampage  .   (no gloves)
Will    .....                   (no boots)
Stlth   ++........              (no amulet)
HPRegen 0.08/turn               k - ring of positive energy
MPRegen 0.11/turn               (no ring)

@: attractive
A: sickness immunity, AC +3, negative energy resistance 1, electricity
resistance, torment resistance 1, petrification resistance
a: no special abilities


You were on level 2 of the Dungeon.
You visited 1 branch of the dungeon, and saw 2 of its levels.

You collected 41 gold pieces.

Inventory:

Hand Weapons
 m - a +1 whip of draining (weapon)
Armour
 a - a +0 robe (worn)
Jewellery
 j - an amulet of reflection
 k - a ring of positive energy (left hand)
Scrolls
 d - a scroll of magic mapping {unknown}
 e - 2 scrolls of noise {unknown}
 f - 2 scrolls of teleportation {unknown}
 g - a scroll of vulnerability {unknown}
 l - 2 scrolls of identify {unknown}
Potions
 b - a potion of magic
 i - a potion of curing {unknown}


   Skills:
 + Level 2.0 Fighting
 - Level 1.5 Dodging
 - Level 2.1 Stealth
 + Level 2.7 Spellcasting
 + Level 1.0 Conjurations
 - Level 0.7 Transmutations
 + Level 4.4 Earth Magic


You had 2 spell levels left.
You knew the following spells:

 Your Spells              Type           Power      Damage    Failure   Level
a - Sandblast             Erth           34%        2d9       3%          1
b - Passwall              Tmut/Erth      9%         N/A       10%         2
c - Stone Arrow           Conj/Erth      22%        3d8       17%         3

Your spell library contained the following spells:

 Spells                   Type           Power      Damage    Failure   Level
 Apportation              Tloc           4%         N/A       19%         1
 Necrotise                Necr           8%         1d4       19%         1
 Slow                     Hex            8%         N/A       19%         1
 Summon Small Mammal      Summ           8%         N/A       19%         1
 Scorch                   Fire           4%         2d5       26%         2
 Confusing Touch          Hex            2%         N/A       47%         3
 Vampiric Draining        Necr           2%         2d6       47%         3
 Petrify                  Tmut/Erth      11%        N/A       52%         4
 Flame Wave               Conj/Fire      4%         2d5       82%         4
 Summon Cactus Giant      Summ           1%         N/A       100%        6


Dungeon Overview and Level Annotations

Branches:
Dungeon (2/15)

Altars:

Shops:
D:2 (


Innate Abilities, Weirdness & Mutations

You are immune to sickness and miasma.
Your stone body is resilient. (AC +3)
You are immune to poison.
You resist negative energy. (rN+)
You are resistant to electric shocks. (rElec)
You are resistant to unholy torment.
You are immune to petrification.


Message History

You feel stronger.
A gnoll is nearby!
You start resting.
Magic restored.
You start resting.
A gnoll is nearby!
Found 4 stones.
There is a stone staircase leading up here.
You climb upwards.
There is a stone staircase leading down here.
You start resting.
HP restored.
You climb downwards.
There is a stone staircase leading up here.
The gnoll shouts!
Aiming: Sandblast (safe; 3% risk of failure)
Press: ? - help, Q - select action, (/) - cycle Shift-Dir - straight line, f - gnoll
Aim: a gnoll, wielding a +1 halberd of protection (84% to hit)
The blast of sand hits the gnoll.
The gnoll is lightly wounded.
The gnoll hits you from afar with a +1 halberd of protection.
The gnoll completely misses you.
Aiming: Sandblast (safe; 3% risk of failure)
Press: ? - help, Q - select action, (/) - cycle Shift-Dir - straight line, f/p - gnoll
Aim: a gnoll, wielding a +1 halberd of protection (lightly wounded, 84% to hit)
The blast of sand hits the gnoll.
The gnoll is heavily wounded.
The gnoll hits you from afar with a +1 halberd of protection.
The gnoll hits you from afar with a +1 halberd of protection!
Ouch! That really hurt!
* * * LOW HITPOINT WARNING * * *
It was a potion of attraction.
You feel attractive to monsters. The gnoll misses you.
The gnoll is attracted toward you.
Aiming: Sandblast (safe; 3% risk of failure)
Press: ? - help, Q - select action, (/) - cycle Shift-Dir - straight line, f/p - gnoll
Aim: a gnoll, wielding a +1 halberd of protection (heavily wounded, 84% to hit)
The blast of sand misses the gnoll.
The gnoll hits you with a +1 halberd of protection.
You die...

. #. ###### #......
..##.##....# #...(..
........#.#### #......
.........∩...# #......
.......#.#..## ##......
#.#.#.........# #.......
(......<....#.# #.......
..#...<.....#.## #...#'#.
###.......#@.# #...#...
...........##g# #...###.
##########.##§##### #####
#. #.##.....#### ##
#...#.......###### #
###.#.......#....# #
...#######.........#....###
...........................
...########....######+#####


You could see a gnoll.

Vanquished Creatures
  2 gnolls (D:2)
  A dart slug (D:1)
  5 endoplasms
  2 giant cockroaches
  5 hobgoblins
  4 jackals (D:1)
  2 quokkas
  2 ball pythons (D:2)
  5 bats
  A frilled lizard (D:1)
  5 goblins
  2 kobolds
  6 rats
42 creatures vanquished.

Notes
Turn   | Place    | Note
-------+----------+-------------------------------------------
     0 | D:1      | quixfox the Gargoyle Earth Elementalist began the quest for
                  | the Orb.
     0 | D:1      | Reached XP level 1. HP: 10/10 MP: 3/3
   179 | D:1      | Reached XP level 2. HP: 16/16 MP: 3/5
   235 | D:1      | Reached skill level 1 in Fighting
   273 | D:1      | Reached skill level 4 in Earth Magic
   582 | D:1      | Found a faded altar of an unknown god.
   621 | D:1      | Reached XP level 3. HP: 12/20 MP: 3/6
   624 | D:1      | Learned a level 2 spell: Passwall
   628 | D:1      | Learned a level 3 spell: Stone Arrow
  1208 | D:2      | Found Kauts's Weapon Boutique.
  1463 | D:2      | Reached skill level 1 in Conjurations
  1463 | D:2      | Reached XP level 4. HP: 5/26 MP: 2/8
  1736 | D:2      | Slain by a gnoll

Illustrated notes

Levels and vault maps discovered:
D:1:      dpeg_arrival_rooms_a, layout_rooms, chequers_ecumenical_altar_simple,
          kennysheep_minor_cross
D:2:      layout_basic, serial_shops, nicolae_shop_crystal

Skill      XL: |  1  2  3 |
---------------+----------+-----
Fighting       | 1 2 |  2.0
Earth Magic    | 4 |  4.4
Conjurations   | 1 |  1.0
Dodging        | |  1.5
Stealth        | |  2.1
Spellcasting   | |  2.7
Transmutations | |  0.7

Action                   |  1- 3 |  4- 6 || total
-------------------------+-------+-------++-------
Melee: Unarmed           |     6 |       ||     6
 Cast: Sandblast         |    58 |     3 ||    61
  Use: Scroll            |     2 |       ||     2
       Potion            |       |     1 ||     1
Armor: Robe              |    12 |       ||    12
Dodge: Dodged            |    20 |     2 ||    22

Table legend: (Time is in decaauts)
 A = Elapsed time spent in this place.
 B = Non-inter-level travel time spent in this place.
 C = Inter-level travel time spent in this place.
 D = Time resting spent in this place.
 E = Time spent auto-exploring this place.
 F = Levels seen in this place.
 G = Mean time per level.
                   A        B        C        D        E       F      G
               +--------+--------+--------+--------+--------+-----+--------+
         Total |   1797 |   1784 |     13 |    494 |    942 |   2 |  898.5 |
       Dungeon |   1797 |   1784 |     13 |    494 |    942 |   2 |  898.5 |
               +--------+--------+--------+--------+--------+-----+--------+

Top non-repeatable levels by time:
     D:1: 1217 daAuts
     D:2: 580 daAuts
